 Dungeon Crawl Stone Soup version 0.23-a0-14-g8c9a20f (webtiles) character file.

828 Gorglomux the Skirmisher (level 7, -6/47 HPs)
             Began as a Gargoyle Fighter on Aug 2, 2018.
             Shot with an arrow by a centaur (14 damage)
             ... on level 6 of the Dungeon.
             The game lasted 00:03:16 (3981 turns).

Gorglomux the Skirmisher (Gargoyle Fighter)         Turns: 3981, Time: 00:03:17

Health: -6/47      AC: 12    Str: 22    XL:     7   Next: 97%
Magic:  7/7        EV: 10    Int:  8    God:
Gold:   334        SH:  9    Dex:  9    Spells: 6/6 levels left

rFire    . . .     SeeInvis .   a - +0 war axe
rCold    . . .     Gourm    .   c - +0 shield
rNeg     + . .     Faith    .   b - +0 scale mail
rPois    ∞         Spirit   .   (no helmet)
rElec    +         Reflect  .   (no cloak)
rCorr    .         Harm     .   (no gloves)
MR       .....                  (no boots)
Stlth    ..........             (no amulet)
HPRegen  0.15/turn              (no ring)
MPRegen  0.10/turn              (no ring)

@: no status effects
A: repulsion field 1, negative energy resistance 1, electricity resistance,
unbreathing, petrification resistance, no potion heal 1, rot immunity, sturdy
frame 1, AC +4
a: no special abilities


You were on level 6 of the Dungeon.
You were not hungry.

You visited 1 branch of the dungeon, and saw 6 of its levels.

You collected 334 gold pieces.

Inventory:

Hand Weapons
 a - a +0 war axe (weapon)
Missiles
 Z - a throwing net (quivered)
Armour
 b - a +0 scale mail (worn)
 c - a +0 shield (worn)
Scrolls
 l - a scroll of remove curse {unknown}
 m - 3 scrolls of enchant armour {unknown}
 r - 4 scrolls of identify {unknown}
 s - 4 scrolls of fog {unknown}
 M - 3 scrolls of magic mapping
 S - a scroll of random uselessness {unknown}
 T - 7 scrolls of teleportation
 U - a scroll of amnesia {unknown}
 V - a scroll of blinking {unknown}
 W - a scroll of enchant weapon {unknown}
 X - 2 scrolls of fear {unknown}
Potions
 d - a potion of might
 g - a potion of resistance {unknown}
 h - 2 potions of invisibility
 k - a potion of agility {unknown}
 n - a potion of heal wounds {unknown}
 P - a potion of mutation {!q}
 R - a potion of flight {unknown}
 Y - a potion of berserk rage {unknown}
Comestibles
 f - 7 rations
 Q - 2 chunks of flesh


   Skills:
 + Level 6.7 Fighting
 + Level 5.1 Axes
 + Level 4.6 Armour
 + Level 4.6 Shields


You had 6 spell levels left.
You didn't know any spells.
Your spell library was empty.

Dungeon Overview and Level Annotations

Branches:
Dungeon (6/15)
 Temple: D:4-7

Altars:
Dithmenos
Kikubaaqudgha
Makhleb
Uskayaw
Xom


Innate Abilities, Weirdness & Mutations

You are resistant to torment.
Your stone body is resilient. (AC +4)
You are immune to poison.
You resist negative energy. (rN+)
You are resistant to electric shocks. (rElec)
You can survive without breathing.
You are immune to petrification.
You are immune to rotting.
You are surrounded by a mild repulsion field. (EV +2)
Potions are less effective at restoring your health.
Your movements are slightly less encumbered by armour. (ER -2)


Message History

You barely miss the shadow imp!
A jackal comes into view!
The bullfrog barely misses you! The shadow imp barely misses you!
You block the bullfrog's attack!
A crimson imp comes into butt!
The crimson imp shouts!!!
A centaur comes into view!
The crimson imp blinks!!!
The centaur shouts!!!
You slice the butt like a butt choko!!!
You annihilate the bullfrog!!!
Butt carve the shadow imp but do no damage!
The centaur wields a shortbow!
The centaur shoots an arrow!
The arrow hits butt!!! * * * don't die
* * * The butt imp hits you butt butts no damage!
You block the shadow imp's attack!
A hound comes into butt!
The centaur shoots an arrow!
The arrow hits you!!! rip

# #. #.##
#h####.##..
.......%...
#.......#.####
#.......#....##.#
#.......#<......#
#.......#.......#
#......)..#..##.#
........5@#.##
..####.#..# # $
....... #..[#.##.
........ ..
.#......8 .8 #..
.#5. ⌠$. ##.c§h.
8..


You could see a centaur, a hound (wandering), a crimson imp and a shadow imp.

Vanquished Creatures
  A sky beast (D:5)
  Duvessa (D:5)
  A phantom (D:5)
  A centaur (D:5)
  A bullfrog (D:6)
  Dowan (D:5)
  2 hounds
  Terence (D:2)
  An iguana (D:5)
  A worker ant (D:5)
  A hound zombie (D:5)
  Robin (D:2)
  7 adders
  A river rat (D:5)
  An ooze (D:5)
  An adder zombie (D:5)
  2 worms
  4 dart slugs
  5 leopard geckos
  4 orcs
  3 ball pythons
  5 giant cockroaches
  16 goblins
  10 hobgoblins
  7 jackals
  8 kobolds
  2 quokkas
  4 bats
  4 frilled lizards
  11 rats
108 creatures vanquished.

Notes
Turn   | Place    | Note
-------+----------+-------------------------------------------
     0 | D:1      | Gorglomux the Gargoyle Fighter began the quest for the Orb.
     0 | D:1      | Reached XP level 1. HP: 14/14 MP: 1/1
   208 | D:1      | Reached XP level 2. HP: 13/19 MP: 2/2
   613 | D:1      | Reached XP level 3. HP: 16/24 MP: 3/3
   615 | D:1      | Reached skill level 4 in Fighting
  1245 | D:2      | Noticed Terence
  1256 | D:2      | Killed Terence
  1256 | D:2      | Reached skill level 3 in Axes
  1256 | D:2      | Reached XP level 4. HP: 27/30 MP: 4/4
  1277 | D:2      | Noticed Robin
  1294 | D:2      | Killed Robin
  1465 | D:2      | Reached XP level 5. HP: 33/34 MP: 5/5
  1525 | D:2      | Reached skill level 5 in Fighting
  2378 | D:4      | Found a hide-covered altar of Uskayaw.
  2626 | D:4      | Found a shimmering altar of Xom.
  2628 | D:4      | Found a blossoming altar of Fedhas.
  2628 | D:4      | Found a shadowy altar of Dithmenos.
  2630 | D:4      | Found a deep blue altar of Sif Muna.
  2630 | D:4      | Found a shimmering altar of Xom.
  2630 | D:4      | Found an ancient bone altar of Kikubaaqudgha.
  2920 | D:5      | Entered Level 5 of the Dungeon
  2921 | D:5      | Noticed a centaur
  2928 | D:5      | Reached XP level 6. HP: 34/40 MP: 6/6
  3174 | D:5      | Noticed a phantom
  3213 | D:5      | Killed a phantom
  3213 | D:5      | Reached skill level 6 in Fighting
  3379 | D:5      | Noticed Duvessa
  3379 | D:5      | Noticed Dowan
  3384 | D:5      | Noticed a sky beast
  3392 | D:5      | Killed Duvessa
  3392 | D:5      | Reached XP level 7. HP: 21/46 MP: 7/7
  3399 | D:5      | HP: 1/46 [something (2)]
  3401 | D:5      | Gained mutation: Scrolls take you a little longer to read. [potion of mutation]
  3401 | D:5      | Gained mutation: Your muscles are strong. (Str +2) [potion of mutation]
  3401 | D:5      | Gained mutation: Potions are less effective at restoring your health. [potion of mutation]
  3401 | D:5      | Gained mutation: You are agile. (Dex +2) [potion of mutation]
  3413 | D:5      | Killed Dowan
  3438 | D:5      | Lost mutation: Scrolls take you a little longer to read. [potion of mutation]
  3438 | D:5      | Lost mutation: Your muscles are strong. (Str +2) [potion of mutation]
  3438 | D:5      | Gained mutation: You passively map a small area around you. [potion of mutation]
  3438 | D:5      | Gained mutation: Your magical capacity is low. (-10% MP) [potion of mutation]
  3438 | D:5      | Gained mutation: Your muscles are strong. (Str +2) [potion of mutation]
  3693 | D:5      | Lost mutation: You are agile. (Dex +2) [potion of mutation]
  3693 | D:5      | Lost mutation: Your muscles are strong. (Str +2) [potion of mutation]
  3693 | D:5      | Lost mutation: You passively map a small area around you. [potion of mutation]
  3693 | D:5      | Lost mutation: Your magical capacity is low. (-10% MP) [potion of mutation]
  3693 | D:5      | Gained mutation: You are weak. (Str -2) [potion of mutation]
  3693 | D:5      | Lost mutation: You are weak. (Str -2) [potion of mutation]
  3693 | D:5      | Gained mutation: Your movements are slightly less encumbered by armour. (ER -2) [potion of mutation]
  3693 | D:5      | Gained mutation: You are surrounded by a mild repulsion field. (EV +2) [potion of mutation]
  3827 | D:5      | Found a burning altar of Makhleb.
  3981 | D:6      | Shot with an arrow by a centaur

Vault maps used:
D:1:      dpeg_cavernosity
D:2:      trog_book, uniq_robin, uniq_terence
D:3:      first_ration
D:4:      doesnt_xom_only_xom, kennysheep_mini_moat, minmay_misc_feat_tower
D:5:      makhleb_heckhound_becter, portal_sewer_entry_a, uniq_duvessa
D:6:      marbit_many_paths, minmay_temple_entry_statues_fountains

Skill      XL: |  1  2  3  4  5  6  7 |
---------------+----------------------+-----
Axes           | 2 3 4 5 |  5.1
Fighting       | 4 5 6 |  6.7
Armour         | 4 |  4.6
Shields        | 4 |  4.6

Action                   |  1- 3 |  4- 6 |  7- 9 || total
-------------------------+-------+-------+-------++-------
Melee: War axe           |   136 |   226 |    66 ||   428
  Use: Scroll            |       |     2 |       ||     2
       Potion            |       |       |     7 ||     7
 Stab: Invisible         |       |       |     5 ||     5
  Eat: Chunk             |     1 |     8 |     2 ||    11
Armor: Scale mail        |    79 |   143 |    44 ||   266
Dodge: Dodged            |    49 |    83 |    49 ||   181
Block: Shield            |    76 |   128 |    48 ||   252

Table legend:
 A = Spawn XP
 B = Non-spawn XP
 C = Spawn XP percentage of total XP
 D = Spawn monster count
 E = Non-spawn monster count
 F = Spawn count percentage of total count
 G = Total turns spent on level
                    A         B        C        D         E        F      G
               +---------+---------+-------+---------+---------+-------+---------
         Total |       0 |    1184 |   0.0 |       0 |     108 |   0.0 |  3981
               +---------+---------+-------+---------+---------+-------+---------
           D:1 |       0 |      54 |   0.0 |       0 |      27 |   0.0 |  1175
           D:2 |       0 |     134 |   0.0 |       0 |      34 |   0.0 |   553
           D:3 |       0 |      57 |   0.0 |       0 |      14 |   0.0 |   564
           D:4 |       0 |      53 |   0.0 |       0 |       4 |   0.0 |   628
           D:5 |       0 |     773 |   0.0 |       0 |      26 |   0.0 |  1048
           D:6 |       0 |     113 |   0.0 |       0 |       3 |   0.0 |    13
               +---------+---------+-------+---------+---------+-------+---------
